Map: 16-Bit LE

Players

GOStephano (Stephano)

  • Race: Zerg Zerg
  • Spawn Location: 7:00

Epic - Winner!

  • Race: Terran Terran
  • Spawn Location: 1:00

Event: WCS Austin 2018

VOD

Have the link to the VOD?

Description

Time

  • Played on: June 1, 2018, 4:35 p.m.
  • Length: 12:38

All games in this series

Show
View Real Time Build Order
Export as new Build Order

GOStephano Zerg 

Build Orders: Hatch First 

Get SALT Encoding   

  12  0:00  Drone  
  13  0:12  Overlord  
  13  0:18  Drone  
  14  0:31  Drone x2  
  16  0:50  Hatchery  
  16  0:54  Drone  
  16  0:56  Drone  
  17  1:00  Drone  
  18  1:12  Extractor  
  18  1:16  Spawning Pool  
  16  1:19  Drone  
  16  1:22  Drone  
  18  1:29  Drone  
  19  1:40  Drone  
  20  1:50  Drone  
  21  2:03  Queen x2  
  21  2:04  Zergling x4  
  27  2:12  Drone  
  27  2:13  Overlord  
  28  2:16  Metabolic Boost  
  28  2:28  Spore Crawler  
  27  2:32  Drone x2  
  27  2:33  Drone  
  30  2:46  Drone x2  
  30  2:49  Hatchery  
  31  2:54  Queen  
  33  3:01  Drone x2  
  35  3:13  Overlord  
  35  3:15  Overlord  
  35  3:19  Extractor  
  34  3:20  Drone x2, Extractor  
  34  3:21  Drone, Extractor  
  38  3:31  Queen x2  
  42  3:37  Drone x3  
  42  3:40  Drone x3  
  48  3:51  Overlord  
  48  3:57  Drone  
  48  3:58  Drone  
  48  3:59  Overlord  
  50  4:02  Evolution Chamber  
  50  4:03  Drone x3  
  50  4:04  Evolution Chamber  
  51  4:11  Queen  
  51  4:13  Drone x3  
  51  4:15  Drone  
  57  4:20  Zergling x6  
  60  4:26  Zergling x6  
  60  4:27  Zergling x2  
  60  4:28  Drone  
  65  4:34  Zerg Ground Armor Level 1  
  65  4:36  Zerg Melee Weapons Level 1  
  65  4:41  Spore Crawler  
  65  4:42  Overlord  
  65  4:44  Drone  
  65  4:49  Spore Crawler  
  65  4:50  Drone  
  65  5:03  Zergling x16  
  73  5:10  Overlord x2  
  73  5:15  Overlord  
  73  5:18  Overlord, Extractor  
  73  5:19  Drone  
  73  5:23  Overlord  
  73  5:28  Queen  
  75  5:30  Zergling x14  
  82  5:43  Drone  
  82  5:44  Drone x6  
  82  5:46  Lair  
  86  5:52  Drone x2  
  86  5:54  Queen  
  90  6:00  Drone x5  
  95  6:05  Extractor  
  95  6:07  Drone  
  96  6:11  Drone x2  
  96  6:19  Drone x3  
  96  6:21  Hatchery  
  96  6:25  Hatchery  
  97  6:26  Baneling Nest  
  90  6:33  Zergling x2  
  90  6:34  Zergling x8  
  90  6:37  Queen x2  
  97  6:45  Spore Crawler  
  96  6:47  Spore Crawler  
  96  6:48  Zergling x10  
  96  6:49  Zerg Ground Armor Level 2, Zerg Melee Weapons Level 2, Zergling x4  
  102  6:58  Zergling x2  
  102  6:59  Zergling x8  
  107  7:03  Zergling x6  
  109  7:14  Zergling x14  
  112  7:28  Zergling x2  
  112  7:29  Zergling x4  
  113  7:34  Zergling x8  
  114  7:38  Centrifical Hooks  
  114  7:40  Zergling x6  
  114  7:41  Zergling x2  
  114  7:42  Infestation Pit  
  106  7:52  Drone x5  
  106  7:53  Drone  
  106  7:56  Drone x3  
  106  8:01  Drone, Extractor  
  106  8:02  Drone, Hydralisk Den, Extractor  
  105  8:07  Extractor  
  105  8:08  Drone x2  
  105  8:09  Drone x3  
  109  8:13  Drone x5  
  114  8:21  Zergling x20  
  114  8:23  Hive  
  123  8:28  Hatchery  
  123  8:29  Baneling x13  
  123  8:31  Zergling x8  
  126  8:37  Zergling x12  
  126  8:38  Zergling x2  
  126  8:39  Overlord x3  
  121  8:42  Overlord  
  121  8:43  Overlord  
  121  8:45  Overlord  
  121  8:47  Overlord  
  121  8:50  Muscular Augments  
  121  8:58  Hatchery  
  121  8:59  Hydralisk x5  
  130  9:05  Extractor  
  130  9:07  Zergling x8  
  130  9:08  Zergling x6  
  136  9:27  Drone x6, Hydralisk  
  136  9:28  Hydralisk x5  
  154  9:33  Hydralisk x2  
  154  9:34  Hydralisk  
  160  9:43  Overlord  
  159  9:51  Zerg Ground Armor Level 3  
  153  9:57  Zerg Missile Weapons Level 1  
  153  9:58  Zergling x28  
  166  10:09  Extractor  
  154  10:14  Zergling x22  
  154  10:15  Zergling x4  
  166  10:21  Zergling x8  
  166  10:23  Baneling x13  
  170  10:31  Zergling x16  
  128  10:44  Zergling x14  
  119  10:50  Hydralisk  
  119  10:51  Hydralisk x4  
  119  10:52  Baneling  
  119  10:53  Baneling x5  
  126  11:00  Hydralisk  
  126  11:01  Hydralisk x5  
  138  11:20  Zergling x2  
  138  11:21  Hatchery, Zergling x14  
  138  11:23  Baneling  
  138  11:24  Baneling x7  
  134  11:35  Zergling x2  
  134  11:36  Zergling x18  
  132  11:44  Zergling x10  
  136  11:48  Baneling x8  
  136  11:50  Zergling x2  
  135  11:55  Zergling x8  
  134  12:02  Zergling x10  
  137  12:09  Zergling x6  
  137  12:12  Zergling x4  
  140  12:21  Zergling x4  
  140  12:22  Baneling  
Show
View Real Time Build Order
Export as new Build Order

Epic Terran - Winner!

Build Orders: Reaper Expand, Bio Tank 

Get SALT Encoding   

  12  0:01  SCV  
  13  0:13  SCV  
  14  0:18  Supply Depot  
  14  0:25  SCV  
  15  0:39  SCV  
  15  0:41  Barracks  
  16  0:45  Refinery  
  16  0:51  SCV  
  17  1:03  SCV  
  18  1:15  SCV  
  19  1:28  Orbital Command, Reaper  
  20  1:43  Command Center  
  20  1:53  Supply Depot  
  20  1:54  SCV  
  21  2:00  Marine  
  22  2:06  SCV  
  23  2:17  Factory  
  23  2:18  SCV  
  24  2:23  Barracks Reactor  
  24  2:30  SCV  
  25  2:43  Command Center, SCV  
  26  2:52  Refinery  
  26  2:55  SCV  
  26  2:56  Orbital Command  
  27  3:05  Starport  
  27  3:08  SCV  
  28  3:15  Hellion  
  28  3:18  Hellion  
  32  3:21  SCV  
  32  3:22  SCV  
  34  3:33  SCV  
  35  3:34  SCV  
  35  3:37  Hellion  
  35  3:39  Hellion  
  40  3:42  Viking  
  40  3:45  SCV  
  40  3:47  SCV  
  44  3:53  Barracks Tech Lab  
  44  3:55  Orbital Command  
  44  3:58  SCV  
  44  3:59  SCV  
  46  4:03  Cyclone  
  46  4:07  Cyclone  
  52  4:10  SCV  
  52  4:11  SCV  
  52  4:15  Marine  
  55  4:19  Supply Depot  
  55  4:22  SCV x2  
  55  4:23  Stimpack, SCV  
  58  4:34  SCV  
  58  4:35  Refinery, SCV x2  
  61  4:41  Starport Reactor, Barracks  
  61  4:42  Barracks  
  61  4:43  Marine  
  62  4:50  Engineering Bay x2, SCV x2  
  62  4:51  SCV  
  65  4:52  Factory Reactor  
  65  5:01  Marine  
  65  5:04  SCV x2  
  68  5:12  Refinery, Supply Depot  
  68  5:16  Orbital Command, Terran Infantry Weapons Level 1, SCV  
  68  5:17  Terran Infantry Armor Level 1  
  69  5:23  Barracks  
  69  5:24  Barracks  
  69  5:26  Supply Depot  
  69  5:34  Marine x3, SCV x2  
  74  5:41  Factory Tech Lab  
  74  5:42  SCV  
  73  5:46  Marine x2  
  73  5:47  Medivac x2  
  66  5:54  Armory  
  66  5:56  Orbital Command  
  66  5:57  Marine x3  
  69  6:04  Marine x2, SCV  
  69  6:05  SCV, Siege Tank  
  69  6:10  Supply Depot  
  76  6:14  Barracks Reactor, Marine x2  
  76  6:15  Barracks Reactor, Marine  
  76  6:18  SCV x2  
  81  6:21  SCV  
  81  6:22  Marine x2  
  84  6:28  Combat Shields  
  84  6:32  Marine, SCV  
  85  6:33  SCV x2  
  85  6:37  Marine x2  
  85  6:38  Siege Tank  
  92  6:40  Marine  
  93  6:53  Supply Depot  
  93  6:54  Supply Depot  
  93  6:55  Supply Depot  
  93  7:00  Supply Depot  
  93  7:05  Refinery  
  93  7:06  Refinery, Factory  
  93  7:10  Marine  
  93  7:11  Marine x3, SCV  
  93  7:12  Marine x2  
  93  7:14  Marine x2, SCV  
  93  7:15  Medivac x2, Marine, SCV  
  97  7:24  SCV  
  97  7:26  SCV  
  97  7:27  SCV  
  97  7:28  Marine  
  97  7:29  Marine x4  
  102  7:30  Marine  
  102  7:32  Marine x2  
  102  7:33  Marine  
  102  7:36  SCV  
  106  7:38  SCV  
  106  7:39  SCV  
  106  7:41  Siege Tank  
  111  7:45  Marine  
  111  7:46  Marine  
  111  7:47  Marine x2  
  111  7:48  SCV  
  111  7:50  SCV  
  116  7:51  Marine, SCV  
  116  7:52  Marine x2  
  116  7:53  Medivac x2  
  116  7:54  Marine x2  
  123  8:00  SCV, Terran Infantry Weapons Level 2  
  123  8:02  Terran Infantry Armor Level 2  
  123  8:03  Marine  
  125  8:07  Factory Tech Lab  
  125  8:15  Supply Depot x2  
  125  8:17  Supply Depot  
  125  8:18  Marine x3, SCV x3  
  131  8:23  Marine  
  131  8:24  Marine  
  133  8:36  Marine x5, Siege Tank  
  133  8:37  Siege Tank  
  141  8:44  Marine  
  141  8:47  Terran Vehicle Weapons Level 1  
  141  8:48  Supply Depot, Marine x3  
  146  8:49  Supply Depot  
  146  8:54  Marine x5  
  148  9:00  Medivac x2, Command Center  
  151  9:07  Marine  
  151  9:08  Siege Tank  
  151  9:09  Marine x2  
  157  9:12  Marine x2  
  150  9:19  Siege Tank  
  150  9:20  Marine x3  
  150  9:21  Marauder  
  155  9:24  Supply Depot  
  155  9:30  Medivac x2  
  159  9:33  Marine x2  
  159  9:34  Marine  
  159  9:35  Marine  
  163  9:41  Siege Tank  
  163  9:42  Marauder  
  168  9:48  Marine x4  
  168  9:51  Marine, Siege Tank  
  171  9:59  Barracks  
  171  10:00  Medivac x2  
  171  10:02  Barracks  
  171  10:04  Marauder, Marine x3  
  179  10:09  Barracks  
  162  10:15  Marine x4  
  162  10:16  Siege Tank  
  168  10:24  Siege Tank  
  168  10:25  Marauder, Marine x4  
  177  10:33  Marine  
  178  10:36  Medivac x2  
  178  10:39  Marine  
  178  10:40  Marine  
  163  10:49  Siege Tank  
  143  10:52  Planetary Fortress  
  143  10:56  Marine, Siege Tank  
  147  10:57  Marine x7  
  147  10:58  Marine  
  155  11:13  Barracks Tech Lab  
  155  11:14  Marine x2, Barracks Tech Lab  
  155  11:15  Marine x7, Barracks Tech Lab  
  164  11:26  Siege Tank  
  164  11:28  Siege Tank  
  164  11:32  Liberator, Marine x2  
  163  11:33  Medivac  
  163  11:36  Marauder x2  
  163  11:37  Marauder x2  
  163  11:38  Marine x2  
  163  11:39  Marine x2  
  170  11:42  Marine  
  170  11:43  Marine  
  171  11:50  Marine  
  174  11:58  Marauder x3  
  177  12:01  Marine x4  
  177  12:02  Marine  
  177  12:04  Marine x2  
  177  12:05  Marine  
  185  12:11  Marine  
  189  12:19  Marine x4  
Tags
 
Add a new tag
Caveats
  • Supply blocks, unpowered buildings, or Contaminate may cause inaccurate times.
  • Supply counts are checked every 10 seconds.